 Dungeon Crawl Stone Soup version 0.26.1-11-gd32895ea62 (webtiles) character file.

Game seed: 17586371339233361042

37216 Tirrikindir the Carver (level 13, -2/82 HPs)
             Began as an Octopode Fighter on June 22, 2021.
             Was an Initiate of Gozag.
             Slain by an eight-headed hydra (10 damage)
             ... on level 5 of the Lair of Beasts.
             The game lasted 00:43:19 (19197 turns).

Tirrikindir the Carver (Octopode Fighter)          Turns: 19197, Time: 00:43:22

Health: -2/82      AC:  6    Str: 29    XL:     13   Next: 95%
Magic:  13/13      EV: 24    Int: 18    God:    Gozag
Gold:   1218       SH: 21    Dex: 15    Spells: 12/12 levels left

rFire    . . .     SeeInvis .   H - +0 rapier
rCold    . . .     Faith    .   b - +3 kite shield
rNeg     + . .     Spirit   .   (helmet restricted)
rPois    .         Reflect  +   z - amulet of reflection
rElec    .         Harm     .   d - +4 ring of slaying
rCorr    .         Rampage  .   i - +4 ring of evasion
Will     .....                  O - +4 ring of protection
Stlth    +++++.....             B - +6 ring of strength
HPRegen  0.23/turn              X - +4 ring of slaying
MPRegen  0.13/turn              K - +6 ring of strength
                                F - +6 ring of intelligence
                                w - ring of positive energy

@: gold aura
A: almost no armour, stealthy swim, amphibious, 8 rings, constrict 8, rugged
brown scales 1, camouflage 1, clever 1, frail 1, gelatinous body 1
a: Renounce Religion, Potion Petition, Call Merchant, Bribe Branch


You were on level 5 of the Lair of Beasts.
You worshipped Gozag.
Gozag was most pleased with you.
You visited 3 branches of the dungeon, and saw 18 of its levels.

You collected 4726 gold pieces.
You spent 224 gold pieces at shops.
You paid 3284 gold pieces to Gozag.

Inventory:

Hand Weapons
 x - the +9 falchion of the Tooth {vorpal, Str+2}
   (You bought it in a shop on level 9 of the Dungeon)

   It inflicts extra damage upon your enemies.
   It affects your strength (+2).
 H - a +0 rapier (weapon)
 U - a +3 long sword
Missiles
 n - 21 boomerangs (quivered)
Armour
 b - a +3 kite shield (worn)
Jewellery
 d - a +4 ring of slaying (left tentacle)
 i - a +4 ring of evasion (right tentacle)
 w - a ring of positive energy (on tentacle)
 z - an amulet of reflection (around mantle)
 B - a +6 ring of strength (on tentacle)
 C - an uncursed ring of poison resistance
 E - an uncursed ring of flight
 F - a +6 ring of intelligence (on tentacle)
 K - a +6 ring of strength (on tentacle)
 L - an uncursed ring of ice
 M - an uncursed ring of see invisible
 O - a +4 ring of protection (on tentacle)
 X - a +4 ring of slaying (on tentacle)
 Z - an uncursed ring of fire
Wands
 o - a wand of flame (74)
 v - a wand of digging (4)
 P - a wand of random effects (10)
 R - a wand of iceblast (3)
 V - a wand of acid (4)
 Y - a wand of disintegration (9)
Scrolls
 e - 2 scrolls of teleportation
 f - 4 scrolls of amnesia
 m - 6 scrolls of remove curse
 p - 2 scrolls of fog
 u - a scroll of torment
 y - 5 scrolls of magic mapping
 D - a scroll of fear
 J - a scroll of blinking
Potions
 c - a potion of cancellation
 g - 3 potions of haste
 h - 2 potions of invisibility
 j - a potion of brilliance
 k - a potion of magic
 l - 10 potions of curing
 q - 6 potions of heal wounds
 r - 10 potions of ambrosia
 s - a potion of berserk rage
 t - 2 potions of resistance
Miscellaneous
 G - a lightning rod (4/4)
 T - a condenser vane


   Skills:
 + Level 8.5 Fighting
 * Level 12.8 Long Blades
 - Level 2.0 Throwing
 * Level 11.1 Dodging
 - Level 10.0 Stealth
 * Level 11.1 Shields
 - Level 8.0 Evocations


You had 12 spell levels left.
You didn't know any spells.
Your spell library contained the following spells:

 Spells                   Type           Power        Failure   Level
 Apportation              Tloc           0%           34%         1
 Beastly Appendage        Tmut           0%           34%         1
 Corona                   Hex            0%           34%         1
 Magic Dart               Conj           0%           34%         1
 Shock                    Conj/Air       0%           34%         1
 Searing Ray              Conj           0%           47%         2
 Slow                     Hex            0%           47%         2
 Swiftness                Air            0%           47%         2
 Wereblood                Tmut           0%           47%         2
 Dazzling Flash           Conj/Hex       0%           71%         3
 Inner Flame              Hex/Fire       0%           71%         3
 Lesser Beckoning         Tloc           0%           71%         3
 Portal Projectile        Hex/Tloc       0%           71%         3
 Spider Form              Tmut/Pois      0%           71%         3
 Static Discharge         Conj/Air       0%           71%         3
 Tukima's Dance           Hex            0%           71%         3
 Airstrike                Air            0%           98%         4
 Cause Fear               Hex            0%           98%         4
 Fulminant Prism          Conj/Hex       0%           98%         4
 Ice Form                 Ice/Tmut       0%           98%         4
 Iskenderun's Mystic Bla  Conj/Tloc      0%           98%         4
 Leda's Liquefaction      Hex/Erth       0%           98%         4
 Alistair's Intoxication  Tmut/Pois      0%           100%        5
 Blade Hands              Tmut           0%           100%        5
 Lightning Bolt           Conj/Air       0%           100%        5
 Invisibility             Hex            0%           100%        6


Dungeon Overview and Level Annotations

Branches:
Dungeon (12/15)            Temple (1/1) D:7            Lair (5/6) D:9
  Swamp (0/4) Lair:2       Spider (0/4) Lair:2          Orc (0/2) D:10
  Slime: Lair:5-6

Altars:
Ashenzari
Cheibriados
Dithmenos
Elyvilon
Fedhas
Gozag
Hepliaklqana
Kikubaaqudgha
Makhleb
Nemelex Xobeh
Okawaru
Qazlal
Ru
Sif Muna
Trog
Uskayaw
Vehumet
Wu Jian
Xom
Yredelemnul
Zin
The Shining One
Beogh

Shops:
D:9 *:!?   D:12 :


Innate Abilities, Weirdness & Mutations

You cannot wear most types of armour.
You are very stealthy in the water. (Stealth+)
You are amphibious.
You can wear up to eight rings at the same time.
You can use your tentacles to constrict eight enemies at once.
Your skin changes colour to match your surroundings (Stealth+).
Your rubbery body absorbs attacks. (AC +1, EV +1)
You are partially covered in rugged brown scales. (AC +1, +3% HP)
Your mind is acute. (Int +2)
You are frail. (-10% HP)


Message History

The eight-headed hydra completely misses you.
The eight-headed hydra bites you but does no damage.
You hit the eight-headed hydra.
Your squeeze misses the eight-headed hydra.
The eight-headed hydra is almost dead.
The eight-headed hydra closely misses you.
The eight-headed hydra barely misses you.
The eight-headed hydra bites you. The eight-headed hydra bites you!
* * * LOW HITPOINT WARNING * * *
You block the eight-headed hydra's attack. x2
The eight-headed hydra closely misses you.
You block the eight-headed hydra's attack.
You barely miss the eight-headed hydra. You squeeze the eight-headed hydra!
The eight-headed hydra is almost dead.
The eight-headed hydra bites you!
* * * LOW HITPOINT WARNING * * *
You block the eight-headed hydra's attack.
The eight-headed hydra misses you. The eight-headed hydra bites you!
You die...
Your body crumbles into a pile of gold.

######..... .......
##.#.##.#... .......
#P..###..... .......
##....^..... .......
##......... .......###
#.........# .......#.##
##..(...#P##
..........###......P####
......D@.$$........####.
................#.......
................#.......
................##......
...............###......
#...#..##P#.#####.###...
####### ##### ## #### #


You could see an eight-headed hydra (corroded).

Vanquished Creatures
  Snorg (Lair:4)
  Josephine (D:10)
  4 boulder beetles
  2 hydras
  2 centaur warriors
  Urug (D:11)
  An ugly thing (D:12)
  3 elephants (Lair:5)
  A black mamba (Lair:3)
  The ghost of bnorton916 the Shield-Bearer, a novice FoFi (D:4)
  4 cane toads
  2 rime drakes (Lair:5)
  6 komodo dragons
  3 trolls
  A queen bee (Lair:3)
  Grinder (D:3)
  18 blink frogs
  2 polar bears
  A spriggan (Lair:2)
  A shadow (D:11)
  7 wyverns
  6 wraiths
  3 basilisks
  38 yaks
  A soldier ant (D:12)
  2 acid dragons
  10 water moccasins
  A swamp drake (D:10)
  A hornet zombie (D:8)
  3 sky beasts
  A necrophage (D:7)
  6 orc warriors
  3 black bears
  15 wolves
  5 ogres
  16 centaurs
  18 bullfrogs
  A gnoll sergeant (D:9)
  A wyvern zombie (D:12)
  A water moccasin zombie (D:8)
  7 scorpions
  36 killer bees
  7 wights
  A howler monkey (D:5)
  A bullfrog zombie (D:12)
  2 centaur zombies
  3 hounds
  4 jellies
  A quasit (D:11)
  15 orc priests
  3 bullfrog skeletons
  3 centaur skeletons
  14 orc wizards
  4 iguanas
  11 worker ants
  3 killer bee zombies
  2 bullfrog simulacra (D:4)
  2 hound skeletons
  2 worker ant zombies
  4 gnolls (D:9)
  A howler monkey skeleton (D:8)
  21 adders
  A hound simulacrum (D:4)
  2 shadow imps
  3 white imps
  A worker ant simulacrum (D:4)
  2 ufetubi
  3 oozes
  3 adder zombies
  3 adder skeletons
  4 leopard geckos
  49 orcs
  4 giant cockroaches
  11 hobgoblins
  4 jackals (D:10)
  8 quokkas
  2 ball pythons
  8 bats
  12 frilled lizards
  A goblin (D:1)
  5 kobolds
  A quokka simulacrum (D:4)
  2 quokka skeletons (D:5)
  A quokka zombie (D:9)
  8 rats
480 creatures vanquished.

Vanquished Creatures (others)
  An orc warrior (D:6)
  11 fungi
  23 plants
35 creatures vanquished.

Grand Total: 515 creatures vanquished

Notes
Turn   | Place    | Note
-------+----------+-------------------------------------------
     0 | D:1      | Tirrikindir the Octopode Fighter began the quest for the
                  | Orb.
     0 | D:1      | Reached XP level 1. HP: 16/16 MP: 1/1
   233 | D:1      | Reached XP level 2. HP: 16/21 MP: 2/2
   368 | D:1      | Reached skill level 1 in Stealth
   921 | D:1      | Reached XP level 3. HP: 26/26 MP: 3/3
  1346 | D:2      | Noticed a centaur
  1365 | D:2      | Killed a centaur
  1366 | D:2      | Reached skill level 3 in Long Blades
  1366 | D:2      | Reached XP level 4. HP: 30/31 MP: 4/4
  1366 | D:2      | Reached XP level 5. HP: 35/36 MP: 5/5
  1889 | D:2      | Reached XP level 6. HP: 39/43 MP: 6/6
  2472 | D:3      | Noticed Grinder
  2478 | D:3      | Killed Grinder
  2479 | D:3      | Reached skill level 4 in Long Blades
  2479 | D:3      | Reached XP level 7. HP: 39/48 MP: 7/7
  2480 | D:3      | Reached skill level 5 in Long Blades
  2631 | D:3      | Gained mutation: Your body sometimes deteriorates upon
                  | taking damage. [potion of mutation]
  2631 | D:3      | Gained mutation: You are robust. (+10% HP) [potion of
                  | mutation]
  2631 | D:3      | Gained mutation: You are agile. (Dex +2) [potion of
                  | mutation]
  2985 | D:4      | Reached skill level 1 in Evocations
  3334 | D:4      | Found a runed translucent gate.
  3335 | D:4      | Found a runed translucent gate.
  3335 | D:4      | Found a runed translucent gate.
  3404 | D:4      | Noticed bnorton916's ghost (novice FoFi)
  3446 | D:4      | Reached skill level 6 in Long Blades
  3824 | D:5      | Entered Level 5 of the Dungeon
  3933 | D:5      | Reached XP level 8. HP: 40/59 MP: 8/8
  4182 | D:5      | Reached skill level 7 in Long Blades
  4536 | D:5      | Reached skill level 8 in Long Blades
  4795 | D:5      | Lost mutation: Your body sometimes deteriorates upon taking
                  | damage. [potion of mutation]
  4795 | D:5      | Lost mutation: You are agile. (Dex +2) [potion of mutation]
  4795 | D:5      | Lost mutation: You are robust. (+10% HP) [potion of
                  | mutation]
  4795 | D:5      | Gained mutation: You are clumsy. (Dex -2) [potion of
                  | mutation]
  4795 | D:5      | Gained mutation: Scrolls take you a little longer to read.
                  | [potion of mutation]
  4795 | D:5      | Gained mutation: Your mind is acute. (Int +2) [potion of
                  | mutation]
  5276 | D:6      | Reached XP level 9. HP: 16/59 MP: 9/9
  5734 | D:6      | Reached skill level 5 in Dodging
  5734 | D:6      | Reached skill level 5 in Stealth
  5734 | D:6      | Reached skill level 5 in Shields
  6678 | D:7      | Found a staircase to the Ecumenical Temple.
  6688 | Temple   | Entered the Ecumenical Temple
  6696 | Temple   | Became a worshipper of Gozag Ym Sagoz the Greedy
  6887 | D:7      | Reached skill level 9 in Long Blades
  6969 | D:7      | Found a burning altar of Makhleb.
  7523 | D:8      | Reached skill level 5 in Fighting
  7845 | D:8      | Reached XP level 10. HP: 51/66 MP: 10/10
  7920 | D:8      | Identified the +5 war axe "Transmigrator" {antimagic, *Slow
                  | rN+ SInv}
  8556 | D:9      | Found a roughly hewn altar of Beogh.
  8826 | D:9      | Lost mutation: Scrolls take you a little longer to read.
                  | [potion of mutation]
  8826 | D:9      | Lost mutation: You are clumsy. (Dex -2) [potion of
                  | mutation]
  8826 | D:9      | Gained mutation: You are frail. (-10% HP) [potion of
                  | mutation]
  8826 | D:9      | Gained mutation: You are partially covered in rugged brown
                  | scales. (AC +1, +3% HP) [potion of mutation]
  8940 | D:9      | Found an ancient bone altar of Kikubaaqudgha.
  9493 | D:9      | Found a staircase to the Lair.
  9639 | D:9      | Reached skill level 10 in Long Blades
  9811 | D:10     | Entered Level 10 of the Dungeon
  9811 | D:10     | Noticed Josephine
  9843 | D:10     | Reached skill level 5 in Evocations
 10004 | D:10     | Reached XP level 11. HP: 53/66 MP: 11/11
 10005 | D:10     | Killed Josephine
 10339 | D:10     | Found a staircase to the Orcish Mines.
 10918 | D:10     | Noticed a centaur warrior
 10927 | D:10     | Killed a centaur warrior
 11758 | D:11     | Noticed a boulder beetle
 11791 | D:11     | Killed a boulder beetle
 12060 | D:11     | Found a shadowy altar of Dithmenos.
 12255 | D:11     | Noticed a centaur warrior
 12262 | D:11     | Killed a centaur warrior
 12393 | D:11     | Noticed Urug
 12399 | D:11     | Reached skill level 11 in Long Blades
 12406 | D:11     | Killed Urug
 12407 | D:11     | Reached XP level 12. HP: 74/74 MP: 12/12
 12784 | D:9      | Bought a dazzling falchion for 224 gold pieces
 12784 | D:9      | Identified the +9 falchion of the Tooth {vorpal, Str+2}
                  | (You bought it in a shop on level 9 of the Dungeon)
 12930 | D:12     | Found Semum's Book Shoppe.
 12937 | D:12     | Noticed a boulder beetle
 13010 | D:12     | Noticed a boulder beetle
 13362 | D:12     | Killed a boulder beetle
 13927 | D:12     | Killed a boulder beetle
 13928 | D:12     | Reached skill level 1 in Throwing
 14149 | Lair:1   | Entered Level 1 of the Lair of Beasts
 15373 | Lair:2   | Found a staircase to the Swamp.
 15414 | Lair:2   | Reached XP level 13. HP: 80/80 MP: 13/13
 15427 | Lair:2   | Reached skill level 10 in Stealth
 15496 | Lair:2   | Reached skill level 10 in Dodging
 15496 | Lair:2   | Reached skill level 10 in Shields
 15585 | Lair:2   | Reached skill level 12 in Long Blades
 15636 | Lair:2   | Found a hole to the Spider Nest.
 15638 | Lair:2   | Identified a scroll of acquirement
 15640 | Lair:2   | Acquired a +4 ring of protection
 16197 | D:4      | Killed bnorton916's ghost
 16998 | Lair:3   | Found an ornate altar of the Wu Jian Council.
 16999 | Lair:3   | Found a hide-covered altar of Uskayaw.
 17523 | Lair:4   | Noticed Snorg
 17537 | Lair:4   | Killed Snorg
 19090 | Lair:5   | Acquired 703 gold pieces
 19197 | Lair:5   | Slain by an eight-headed hydra

Illustrated notes

Levels and vault maps discovered:
D:1:      kennysheep_arrival_forest, layout_loops_ring
D:2:      layout_basic
D:3:      layout_loops_cross, uniq_grinder
D:4:      layout_basic, gammafunk_ghost_icy, serial_glass, glass_columns_a,
          glass_columns_a, minmay_misc_feat_tower
D:5:      minmay_bubble_buster, layout_rooms, serial_bayou, serial_bayou_pond_e,
          serial_bayou_crossing, serial_bayou_pond_c, serial_bayou_pond_d,
          minmay_starry_boxes
D:6:      layout_loops_ring
D:7:      layout_basic, minmay_temple_entry_nine_rooms,
          makhleb_blood_cavern_becter
D:8:      layout_loops_cross
D:9:      layout_loops_ring, nicolae_overflow_crystal_walls, erik_lair_dragon,
          david_defended_altar_orc
D:10:     layout_loops_ring, erik_orc_1, uniq_josephine
D:11:     layout_gridville, minivault_21, grunt_dithmenos_shadows, uniq_urug
D:12:     layout_loops_cross, serial_shops, nicolae_shop_trees, minivault_27,
          library_closet
Temple:   dpeg_three_leaves_temple
Lair:1:   layout_concentric_octagons
Lair:2:   layout_gridlike, swamp_mist, spider_nest_entry_a, forest_entry_grove
Lair:3:   layout_gridlike, special_room [special_room_bee],
          nzn_masters_of_martial_movement
Lair:4:   layout_roguey, fungi_pond_lemuel, uniq_snorg
Lair:5:   layout_cellular_growth, lemuel_fruit_tree, grunt_megastairs_1

Skill      XL: |  1  2  3  4  5  6  7  8  9 10 11 12 13 |
---------------+----------------------------------------+-----
Stealth        | 1 2 3 4 6 7 8 9 10 | 10.0
Long Blades    | 3 4 6 8 9 10 11 12 | 12.8
Fighting       | 4 5 6 7 8 |  8.5
Dodging        | 4 6 7 8 9 11 | 11.1
Shields        | 4 6 7 8 9 11 | 11.1
Evocations     | 2 4 5 6 7 8 |  8.0
Throwing       | 2 |  2.0

Action                   |  1- 3 |  4- 6 |  7- 9 | 10-12 | 13-15 || total
-------------------------+-------+-------+-------+-------+-------++-------
Melee: Long sword        |    47 |    37 |   225 |   303 |       ||   612
       Constrict         |    14 |    10 |    70 |    81 |    45 ||   220
       Tentacles         |     9 |     9 |    56 |   154 |    85 ||   313
       Falchion          |       |       |       |   181 |   205 ||   386
       Rapier            |       |       |       |       |    16 ||    16
Throw: Boomerang         |       |       |     5 |    16 |     5 ||    26
Invok: Call Merchant     |       |       |       |     2 |     2 ||     4
Evoke: Wand              |       |       |       |    11 |     8 ||    19
       Lightning rod     |       |       |       |     1 |     1 ||     2
       Condenser vane    |       |       |       |       |     1 ||     1
  Use: Scroll            |     4 |     3 |    10 |    11 |     8 ||    36
       Potion            |       |       |     3 |     5 |     1 ||     9
 Stab: Sleeping          |     4 |     7 |    25 |    32 |    12 ||    80
       Invisible         |       |       |     4 |       |       ||     4
       Distracted        |       |       |       |     9 |     2 ||    11
Armor: Skin              |     4 |     1 |     1 |     6 |     4 ||    16
Dodge: Dodged            |    23 |     8 |    61 |   133 |    74 ||   299
Block: Kite shield       |    18 |    19 |   122 |   339 |   162 ||   660
       Reflection        |       |       |    11 |    19 |     8 ||    38
       Rpst.: Long sword |    11 |     2 |    11 |    23 |       ||    47
       Falchion          |       |       |       |    11 |    15 ||    26
